 Dungeon Crawl Stone Soup version 0.22.1-2-g9c5b331383 (webtiles) character file.

2069 Peloso the Protected (level 9, -17/74 (75) HPs)
             Began as a Minotaur Fighter on Nov 24, 2018.
             Was a Believer of Okawaru.
             Demolished by a two-headed ogre
             ... wielding a cursed -3 giant club
              (18 damage)
             ... on level 8 of the Dungeon.
             The game lasted 00:12:12 (7541 turns).

Peloso the Protected (Minotaur Fighter)             Turns: 7541, Time: 00:12:13

HP:   -17/74 (75)   AC:  9    Str: 23    XL:     9   Next: 5%
MP:   8/8           EV: 10    Int:  5    God:    Okawaru [**....]
Gold: 285           SH: 11    Dex: 13    Spells: 8/8 levels left

rFire    . . .     SeeInvis .   a - +0 long sword
rCold    + . .     Gourm    .   c - +0 shield
rNeg     . . .     Faith    .   b - +0 scale mail
rPois    .         Spirit   .   (helmet restricted)
rElec    .         Reflect  .   k - scarf {repulsion}
rCorr    .         Harm     .   (no gloves)
MR       .....                  v - +0 pair of boots
Stlth    ..........             (no amulet)
HPRegen  0.00/turn              d - ring of protection from fire
MPRegen  0.11/turn              q - ring "Tittajeall" {Ice Dex+2}

@: non-regenerating, diseased, repel missiles
A: retaliatory headbutt, horns 2
a: Heroism, Renounce Religion


You were on level 8 of the Dungeon.
You worshipped Okawaru.
Okawaru was pleased with you.
You were near starving.

You visited 2 branches of the dungeon, and saw 9 of its levels.

You collected 285 gold pieces.

Inventory:

Hand Weapons
 a - a +0 long sword (weapon)
Armour
 b - a +0 scale mail (worn)
 c - a +0 shield (worn)
 k - a scarf of repulsion (worn)
 v - a +0 pair of boots (worn)
Jewellery
 d - a ring of protection from fire (left hand)
 q - the ring "Tittajeall" (right hand) {Ice Dex+2}
   (You found it on level 4 of the Dungeon)

   [ring of ice]

   It enhances your ice magic.
   It affects your dexterity (+2).
   It makes you vulnerable to fire.
   It protects you from cold.
Wands
 s - a wand of random effects (62)
 u - a wand of polymorph (14)
 C - a wand of iceblast (6)
Scrolls
 e - a scroll of identify
 i - 5 scrolls of teleportation
 m - 2 scrolls of enchant armour {unknown}
 n - 2 scrolls of immolation {unknown}
 p - 2 scrolls of enchant weapon {unknown}
 t - 4 scrolls of amnesia {unknown}
 w - 3 scrolls of remove curse {unknown}
 y - a scroll of magic mapping {unknown}
 z - 2 scrolls of random uselessness {unknown}
 A - 3 scrolls of noise {unknown}
 F - a scroll of vulnerability {unknown}
Potions
 g - a potion of cancellation
 h - 2 potions of curing
 j - a potion of berserk rage
 l - a potion of haste
 o - 3 potions of agility
 r - 3 potions of brilliance
 x - a potion of heal wounds
 B - a potion of mutation {unknown}
 D - a potion of degeneration {unknown}
 E - 2 potions of might
Comestibles
 f - 7 rations


   Skills:
 + Level 6.1 Fighting
 + Level 8.3 Long Blades
 + Level 8.4 Armour
 + Level 3.1 Dodging
 + Level 1.4 Stealth
 + Level 7.1 Shields


You had 8 spell levels left.
You didn't know any spells.
Your spell library contained the following spells:

 Spells                   Type           Power        Failure   Level  Hunger
 Corona                   Hex            #......      97%         1    ##.....
 Ensorcelled Hibernation  Hex/Ice        #.....       99%         2    ###....
 Confuse                  Hex            #.......     100%        3    ####...
 Dazzling Spray           Conj/Hex       #.....       100%        3    ####...
 Tukima's Dance           Hex            #.......     100%        3    ####...


Dungeon Overview and Level Annotations

Branches:
Dungeon (8/15)             Temple (1/1) D:5
   Lair: D:8-11

Altars:
Ashenzari
Cheibriados
Dithmenos
Elyvilon
Fedhas
Gozag
Hepliaklqana
Kikubaaqudgha
Makhleb
Nemelex Xobeh
Okawaru
Sif Muna
Trog
Uskayaw
Vehumet
Wu Jian
Xom
Yredelemnul
Zin
The Shining One


Innate Abilities, Weirdness & Mutations

You reflexively headbutt those who attack you in melee.
You have a pair of horns on your head.


Message History

The two-headed ogre closely misses you.
You hit the two-headed ogre but do no damage.
Your headbutt misses the two-headed ogre.
The two-headed ogre is lightly wounded.
You slash the two-headed ogre! You headbutt the two-headed ogre.
The two-headed ogre is moderately wounded.
The two-headed ogre hits you with a giant club!
* * * LOW HITPOINT WARNING * * *
The two-headed ogre closely misses you.
You hit the two-headed ogre but do no damage.
The two-headed ogre is moderately wounded.
A jackal comes into view.
You block the two-headed ogre's attack. x2
A jackal comes into view.
You feel like a meek peon again.
There is a stone staircase leading up here.
The two-headed ogre hits you with a giant club!
* * * LOW HITPOINT WARNING * * *
The two-headed ogre hits you with a giant club!!
You die...

#...ho..#
#.#######
#.#
########.#
....>....#
########o#
#h# #O#
#@# #.#
#.# #.#
#.# #.#
..# ###


You could see a two-headed ogre, an orc warrior and a jackal.

Vanquished Creatures
  A hippogriff (D:7)
  2 sky beasts
  3 ice beasts
  A phantom (D:4)
  A necrophage (D:8)
  2 centaurs
  A bullfrog (D:6)
  A scorpion (D:6)
  A howler monkey (D:6)
  3 crimson imps
  A bullfrog zombie (D:2)
  2 hounds (D:6)
  5 orc priests
  4 orc wizards
  3 centaur skeletons
  An iguana (D:6)
  5 worker ants
  A howler monkey zombie (D:6)
  3 gnolls (D:4)
  8 adders
  A shadow imp (D:8)
  2 oozes
  An adder zombie (D:6)
  An adder skeleton (D:8)
  A worm (D:4)
  A dart slug (D:1)
  3 leopard geckos
  23 orcs
  6 bats
  7 giant cockroaches
  9 goblins
  3 hobgoblins
  7 jackals
  6 quokkas
  2 ball pythons
  8 frilled lizards
  6 kobolds
  A leopard gecko skeleton (D:3)
  A quokka skeleton (D:7)
  7 rats
  3 rat zombies (D:3)
148 creatures vanquished.

Notes
Turn   | Place    | Note
-------+----------+-------------------------------------------
     0 | D:1      | Peloso the Minotaur Fighter began the quest for the Orb.
     0 | D:1      | Reached XP level 1. HP: 19/19 MP: 0/0
   255 | D:1      | Reached XP level 2. HP: 27/27 MP: 1/1
   891 | D:2      | Reached XP level 3. HP: 30/33 MP: 2/2
  1201 | D:2      | Noticed an ice beast
  1496 | D:2      | Killed an ice beast
  1496 | D:2      | Reached XP level 4. HP: 4/41 MP: 3/3
  1496 | D:2      | Reached XP level 5. HP: 5/47 MP: 4/4
  2081 | D:3      | Found a shattered altar of Ashenzari.
  2210 | D:3      | Reached skill level 5 in Armour
  2234 | D:3      | Reached skill level 5 in Shields
  2250 | D:3      | Found a sparkling altar of Nemelex Xobeh.
  2290 | D:3      | Reached skill level 1 in Dodging
  2552 | D:3      | Found an ancient bone altar of Kikubaaqudgha.
  2807 | D:3      | Reached XP level 6. HP: 44/53 MP: 5/5
  3068 | D:4      | Found a burning altar of Makhleb.
  3068 | D:4      | Noticed a sky beast
  3103 | D:4      | Killed a sky beast
  3140 | D:4      | Reached skill level 5 in Long Blades
  3147 | D:4      | HP: 1/55 [something (2)]
  3498 | D:4      | Reached XP level 7. HP: 52/60 MP: 6/6
  3559 | D:4      | Reached skill level 5 in Fighting
  3782 | D:4      | Found a white marble altar of Elyvilon.
  3938 | D:4      | Got a slimy bone ring
  4192 | D:4      | Identified the ring "Tittajeall" {Ice Dex+2} (You found it
                  | on level 4 of the Dungeon)
  4527 | D:4      | Found a deep blue altar of Sif Muna.
  4918 | D:5      | Entered Level 5 of the Dungeon
  5191 | D:5      | Found a staircase to the Ecumenical Temple.
  5456 | Temple   | Entered the Ecumenical Temple
  5520 | Temple   | Became a worshipper of Warmaster Okawaru
  5660 | D:5      | You fall through a shaft!
  5889 | D:6      | Reached XP level 8. HP: 59/68 MP: 7/7
  5989 | D:6      | Found a basalt altar of Yredelemnul.
  6012 | D:6      | Reached skill level 1 in Stealth
  6172 | D:6      | Reached * piety under Okawaru
  6216 | D:6      | Found a hide-covered altar of Uskayaw.
  6362 | D:6      | Found an opulent altar of Gozag.
  6663 | D:7      | Noticed a hippogriff
  6684 | D:7      | Killed a hippogriff
  7121 | D:7      | Found a glowing silver altar of Zin.
  7257 | D:7      | Found a bloodstained altar of Trog.
  7458 | D:8      | Reached ** piety under Okawaru
  7478 | D:8      | Reached XP level 9. HP: 68/75 MP: 8/8
  7487 | D:8      | Noticed a two-headed ogre
  7541 | D:8      | HP: 1/74 [two-headed ogre/giant club (8)]
  7541 | D:8      | Demolished by a two-headed ogre

Skill      XL: |  1  2  3  4  5  6  7  8 |
---------------+-------------------------+-----
Shields        | 4 5 6 7 |  7.1
Fighting       | 4 5 6 |  6.1
Long Blades    | 3 4 5 6 8 |  8.3
Armour         | 4 5 6 8 |  8.4
Dodging        | 1 2 3 |  3.1
Stealth        | 1 |  1.4

Action                   |  1- 3 |  4- 6 |  7- 9 || total
-------------------------+-------+-------+-------++-------
Melee: Long sword        |    68 |   192 |   265 ||   525
       Headbutt          |     9 |    37 |    56 ||   102
Invok: Heroism           |       |       |     1 ||     1
  Use: Potion            |     1 |     2 |       ||     3
       Scroll            |       |     5 |     4 ||     9
  Eat: Chunk             |     2 |     5 |    13 ||    20
Armor: Scale mail        |    31 |    91 |    88 ||   210
Dodge: Dodged            |    25 |    46 |    81 ||   152
       Deflected         |       |     5 |       ||     5
Block: Shield            |    37 |    74 |   135 ||   246
       Rpst.: Long sword |     4 |    11 |    27 ||    42
